Map: 이스트와치 - 래더

Players

Jieshi

  • Race: Protoss Protoss
  • League: Master
  • Spawn Location: 1:00

JinairRogue (Rogue) - Winner!

  • Race: Zerg Zerg
  • Spawn Location: 7:00

Event: 2018 Hangzhou StarCraft Carnival

VOD

Have the link to the VOD?

Description

Time

  • Played on: April 28, 2018, 11:52 p.m.
  • Length: 7:49

All games in this series

Show
View Real Time Build Order
Export as new Build Order

Jieshi Protoss 

Build Orders: 1 Gate Expand, Oracle Opening, Phoenix Opening, Zealot Archon, Archon Drop 

Get SALT Encoding   

  12  0:01  Probe  
  13  0:13  Probe  
  14  0:20  Pylon  
  14  0:25  Probe  
  15  0:35  Probe  
  15  0:38  Gateway  
  16  0:43  Probe  
  16  0:48  Assimilator  
  17  0:52  Probe  
  18  1:04  Probe  
  19  1:17  Probe  
  20  1:25  Nexus  
  20  1:35  Cybernetics Core  
  20  1:37  Probe  
  21  1:43  Assimilator  
  21  1:49  Probe  
  21  1:52  Pylon  
  22  2:01  Probe  
  22  2:03  Adept  
  23  2:09  Probe  
  26  2:18  Stargate, Probe  
  27  2:25  Warp Gate  
  27  2:29  Adept  
  27  2:32  Probe  
  27  2:33  Probe  
  31  2:41  Probe  
  31  2:44  Probe  
  31  2:51  Probe  
  33  2:55  Oracle  
  33  2:56  Probe  
  35  3:03  Probe  
  39  3:08  Probe  
  40  3:15  Probe  
  41  3:20  Probe  
  41  3:27  Pylon, Probe  
  43  3:38  Phoenix  
  43  3:39  Probe  
  46  3:43  Twilight Council  
  46  3:44  Assimilator  
  46  3:45  Probe  
  46  3:46  Assimilator  
  46  3:47  Pylon  
  47  3:51  Gateway, Probe  
  48  3:57  Robotics Facility, Probe  
  49  4:03  Probe  
  49  4:09  Probe, Shield Battery  
  51  4:15  Probe  
  52  4:19  Charge  
  52  4:21  Probe  
  53  4:26  Gateway  
  53  4:28  Gateway  
  53  4:43  Gateway  
  53  4:45  Templar Archives, Gateway  
  53  4:47  Warp Prism  
  53  4:48  Gateway  
  53  4:50  Gateway  
  55  5:04  Zealot x2  
  59  5:08  Pylon  
  59  5:23  Pylon  
  59  5:25  Pylon  
  59  5:26  Observer  
  60  5:37  Pylon  
  60  5:40  Zealot x2  
  60  5:41  Zealot  
  60  5:42  Pylon  
  66  5:45  High Templar  
  66  5:46  High Templar x3  
  74  5:50  Pylon  
  74  5:51  Archon  
  74  5:52  Archon  
  74  5:57  Pylon  
  74  5:58  Pylon  
  74  6:01  High Templar  
  74  6:02  High Templar, Zealot x2  
  82  6:05  Probe x2  
  82  6:07  Archon  
  84  6:17  Zealot x2  
  84  6:18  Zealot  
  90  6:19  Zealot x2  
  90  6:23  Zealot  
  94  6:34  High Templar x2  
  94  6:35  Zealot  
  94  6:39  Archon  
  92  6:42  Zealot x3  
  92  6:43  Zealot  
  92  6:44  Zealot  
  72  7:00  Zealot  
  66  7:04  Zealot x5  
  72  7:09  High Templar x2  
  72  7:13  Archon  
  76  7:20  Observer  
  77  7:25  Zealot x6  
Show
View Real Time Build Order
Export as new Build Order

JinairRogue Zerg - Winner!

Build Orders: Hatch First 

Get SALT Encoding   

  12  0:00  Drone  
  13  0:12  Overlord  
  13  0:16  Drone  
  14  0:30  Drone x2  
  14  0:34  Drone  
  17  0:54  Drone, Hatchery  
  17  0:57  Drone  
  18  1:08  Extractor  
  17  1:13  Spawning Pool  
  17  1:15  Drone  
  18  1:18  Drone  
  18  1:28  Drone  
  19  1:40  Drone  
  20  1:52  Overlord  
  20  2:01  Queen  
  20  2:06  Queen  
  20  2:07  Drone  
  26  2:08  Zergling x2  
  26  2:13  Zergling x2  
  26  2:15  Metabolic Boost  
  27  2:21  Drone  
  28  2:25  Drone  
  28  2:28  Drone  
  30  2:34  Drone  
  31  2:41  Drone  
  32  2:48  Hatchery  
  32  2:49  Queen  
  33  2:53  Overlord  
  33  2:55  Drone  
  33  2:56  Drone  
  35  3:00  Drone  
  37  3:12  Drone  
  37  3:13  Drone x4  
  37  3:14  Drone x3  
  37  3:18  Spore Crawler  
  43  3:24  Zergling x2  
  44  3:29  Spore Crawler, Overlord  
  44  3:33  Zergling x2  
  44  3:35  Evolution Chamber  
  43  3:42  Overlord  
  43  3:47  Queen  
  45  3:49  Drone x2  
  45  3:50  Drone x3  
  50  4:00  Zergling x8  
  50  4:01  Zergling x2, Drone, Queen  
  57  4:04  Zerg Melee Weapons Level 1  
  57  4:11  Drone x2  
  57  4:12  Overlord  
  57  4:17  Spore Crawler, Drone  
  59  4:20  Drone x3  
  62  4:25  Overlord  
  62  4:27  Overlord  
  62  4:29  Baneling Nest, Drone x3  
  64  4:32  Queen  
  64  4:33  Extractor  
  64  4:36  Drone  
  64  4:37  Drone  
  67  4:39  Drone  
  67  4:42  Overlord  
  68  4:46  Drone  
  69  4:54  Zergling x4, Extractor  
  69  4:55  Zergling x4  
  69  4:56  Zergling x2  
  69  4:58  Zergling x4, Hatchery  
  74  5:02  Drone x2  
  74  5:03  Drone  
  74  5:06  Drone  
  78  5:07  Lair  
  78  5:12  Drone x2  
  80  5:16  Drone  
  80  5:18  Drone x2  
  80  5:19  Drone x2  
  84  5:22  Extractor  
  84  5:23  Overlord  
  84  5:26  Overlord  
  83  5:30  Drone x3  
  83  5:32  Overlord  
  83  5:33  Drone  
  87  5:40  Extractor  
  86  5:42  Hatchery  
  86  5:43  Spine Crawler  
  86  5:44  Drone, Spine Crawler  
  86  5:45  Drone  
  86  5:48  Zergling x2  
  84  5:51  Zergling x10, Spine Crawler  
  84  5:52  Zergling x2  
  84  5:55  Baneling x6  
  89  5:59  Drone  
  89  6:00  Zergling x2  
  89  6:01  Zergling x2, Baneling x3  
  89  6:02  Baneling x2  
  92  6:08  Spine Crawler  
  92  6:09  Spore Crawler  
  90  6:12  Baneling  
  90  6:13  Baneling x2, Hydralisk Den  
  89  6:20  Zergling x16  
  97  6:26  Baneling x8  
  97  6:29  Drone  
  97  6:31  Zergling x6  
  101  6:34  Zergling x2  
  101  6:35  Zergling x6  
  101  6:36  Zergling x2  
  101  6:43  Zergling x12  
  94  6:50  Zergling x2  
  94  6:52  Zergling x2  
  86  6:58  Zergling x6  
  84  7:02  Hydralisk x6  
  90  7:09  Baneling  
  90  7:10  Baneling x2  
  90  7:18  Baneling  
  90  7:19  Zergling x8, Baneling x3  
  90  7:20  Zergling x10  
  99  7:24  Baneling x2  
  99  7:25  Zergling x4  
  99  7:27  Zergling x2  
  99  7:29  Baneling x2  
Tags
 
Add a new tag
Caveats
  • Supply blocks, unpowered buildings, or Contaminate may cause inaccurate times.
  • Supply counts are checked every 10 seconds.